 Dungeon Crawl Stone Soup version 0.19-a0-733-geeb8733 (webtiles) character file.

98 Magifyre the Conjurer (level 4, 0/24 HPs)
             Began as a Deep Elf Fire Elementalist on June 22, 2016.
             Slain by silvernem's ghost (1 damage)
             ... on level 3 of the Dungeon.
             The game lasted 00:10:17 (2787 turns).

Magifyre the Conjurer (Deep Elf Fire Elementalist)  Turns: 2787, Time: 00:10:17

Health: 0/24       AC:  4    Str:  5    XL:     4   Next: 43%
Magic:  1/10       EV: 13    Int: 21    God:
Gold:   110        SH:  0    Dex: 15    Spells: 3 memorised, 3 levels left

rFire  . . .     SeeInvis .     (no weapon)
rCold  + . .     Gourm    .     a - +0 robe
rNeg   . . .     Faith    .     (no shield)
rPois  .         Spirit   .     (no helmet)
rElec  .         Dismiss  .     d - +1 cloak
rCorr  .         Reflect  .     (no gloves)
SustAt .         Harm     .     (no boots)
MR     .....                    (no amulet)
Stlth  ++........               (no ring)
                                o - ring of protection from cold

@: not resistant to hostile enchantments, unstealthy
A: no striking features
a: no special abilities


You were on level 3 of the Dungeon.
You were hungry.

You visited 1 branch of the dungeon, and saw 3 of its levels.

You collected 110 gold pieces.

Inventory:

Armour
 a - a +0 robe (worn)
 d - a +1 cloak (worn)
Jewellery
 g - an uncursed ring of ice
 o - a ring of protection from cold (left hand)
Scrolls
 k - 2 scrolls of teleportation
 r - 2 scrolls of identify
 s - a scroll of blinking
Potions
 e - a potion of brilliance {unknown}
 h - 2 potions of invisibility {unknown}
 i - 2 potions of heal wounds {unknown}
 l - a potion of curing
 n - a potion of flight
 p - 2 potions of ambrosia
 q - a potion of cure mutation {unknown}
Books
 b - a book of Flames

   Spells                             Type                      Level
   a - Flame Tongue                   Conjuration/Fire             1
   b - Throw Flame                    Conjuration/Fire             2
   c - Conjure Flame                  Conjuration/Fire             3
   d - Inner Flame                    Hexes/Fire                   3
   e - Sticky Flame                   Conjuration/Fire             4
   f - Fireball                       Conjuration/Fire             5
Comestibles
 c - 5 bread rations
 f - 2 meat rations
 j - 5 chunks of flesh
 m - 4 fruits


   Skills:
 - Level 2.4 Dodging
 - Level 2.4 Stealth
 + Level 3.1 Spellcasting
 + Level 4.2 Conjurations
 * Level 3.8 Fire Magic


You had 3 spell levels left.
You knew the following spells:

 Your Spells              Type           Power        Failure   Level  Hunger
a - Flame Tongue          Conj/Fire      ###..        2%          1    None
b - Throw Flame           Conj/Fire      ###...       4%          2    ##.....
c - Conjure Flame         Conj/Fire      ###.....     10%         3    ###....


Dungeon Overview and Level Annotations

Branches:
Dungeon (3/15)

Altars:
Fedhas
Gozag
Zin

Annotations:
D:3 silvernem's ghost, amateur SpAE


Message History

Confirm with . or Enter, or press ? or * to list all spells.
Aiming: Flame Tongue
Press: ? - help, Shift-Dir - straight line, f/p - silvernem's ghost
Aim: silvernem's ghost (moderately damaged)
The flame tongue hits silvernem's ghost.
Silvernem's ghost appears unharmed.
Silvernem's ghost is moderately damaged.
Unknown command.
Silvernem's ghost points at you and mumbles some strange words.
The zap hits you!
* * * LOW HITPOINT WARNING * * *
Found an escape hatch in the floor.
Silvernem's ghost hits you but does no damage.
You closely miss silvernem's ghost.
Silvernem's ghost is moderately damaged.
Silvernem's ghost closely misses you.
You barely miss silvernem's ghost.
Silvernem's ghost is moderately damaged.
Silvernem's ghost hits you.
You die...

#####.###.## .# #
# #.# .#.# #.#
##.#.# #.#
####.... #.#
#...... #.# #.#...
#.# #.##
###....##### #.#
#.W# #....#.....#
#.#
##@####.#....###.#
#.# #...>..#.#.##
#.# #.#
#?######.#.# #.#
#.# #.# #.#.# #.#
######.####### #$#
#.#.# #.#
......<....... ..#
#.#.# #.#
######.####### #.#
#.#.# #.## #.# #..
#.#.# #... #.# ##.
#.# #####


You could see silvernem's ghost.

Vanquished Creatures
  An adder (D:2)
  3 oozes
  A worm (D:2)
  2 dart slugs
  3 giant cockroaches
  6 goblins
  13 hobgoblins
  10 jackals
  8 bats
  3 giant newts
  4 kobolds (D:1)
  10 rats
64 creatures vanquished.

Notes
Turn   | Place    | Note
--------------------------------------------------------------
     0 | D:1      | Magifyre the Deep Elf Fire Elementalist began the quest for the Orb.
     0 | D:1      | Reached XP level 1. HP: 10/10 MP: 6/6
   107 | D:1      | Reached skill level 2 in Conjurations
   109 | D:1      | Reached XP level 2. HP: 10/15 MP: 2/8
   414 | D:1      | Reached skill level 3 in Conjurations
   498 | D:1      | Learned a level 2 spell: Throw Flame
   591 | D:1      | Reached XP level 3. HP: 19/19 MP: 3/9
  1533 | D:2      | Reached skill level 4 in Conjurations
  1641 | D:2      | Found a glowing silver altar of Zin.
  1652 | D:2      | Found a blossoming altar of Fedhas.
  1726 | D:2      | Reached XP level 4. HP: 24/24 MP: 5/10
  1838 | D:2      | Found an opulent altar of Gozag.
  2081 | D:2      | Learned a level 3 spell: Conjure Flame
  2768 | D:3      | Noticed silvernem's ghost (amateur SpAE)
  2783 | D:3      | HP: 1/24 [silvernem's ghost/zap (9)]
  2787 | D:3      | Slain by silvernem's ghost

Vault maps used:
D:1:      erik_arrival_gehennom, minmay_door_square
D:2:      gammafunk_temple_overflow_forgotten, st_stairs_7,
          corexii_leaking_fountain, kennysheep_flooded_box
D:3:      nicolae_overflow_hidden_temple, first_bread

Skill      XL: |  1  2  3 |
---------------+----------+-----
Conjurations   | 2 3 4 |  4.2
Dodging        | |  2.4
Stealth        | |  2.4
Spellcasting   | |  3.1
Fire Magic     | |  3.8

Action                   |  1- 3 |  4- 6 || total
-------------------------+-------+-------++-------
Melee: Unarmed           |     1 |     2 ||     3
 Cast: Flame Tongue      |    68 |    27 ||    95
       Throw Flame       |    12 |     9 ||    21
       Conjure Flame     |       |     4 ||     4
  Use: Scroll            |     4 |     7 ||    11
  Eat: Chunk             |     3 |     3 ||     6
Armor: Robe              |     1 |     2 ||     3
Dodge: Dodged            |     9 |     4 ||    13
